 Dungeon Crawl Stone Soup version 0.25-a0-610-gd0df705f03 (webtiles) character file.

Game seed: 12071077967282452928, levelgen mode: deterministic

96 n0claF the Shooter (level 4, -1/34 HPs)
             Began as a Human Hunter on Mar 16, 2020.
             Slain by a gnoll (8 damage)
             ... on level 2 of the Dungeon.
             The game lasted 00:03:55 (1973 turns).

n0claF the Shooter (Human Hunter)                   Turns: 1973, Time: 00:03:55

Health: -1/34      AC:  4    Str: 14    XL:     4   Next: 98%
Magic:  4/4        EV: 12    Int: 15    God:
Gold:   65         SH:  0    Dex: 13    Spells: 3/3 levels left

rFire    . . .     SeeInvis .   f - +1 dagger (elec)
rCold    . . .     Gourm    .   (no shield)
rNeg     . . .     Faith    .   c - +0 leather armour
rPois    .         Spirit   .   (no helmet)
rElec    .         Reflect  .   (no cloak)
rCorr    .         Harm     .   (no gloves)
MR       .....                  l - +0 pair of boots
Stlth    +.........             (no amulet)
HPRegen  0.11/turn              i - +4 ring of intelligence
MPRegen  0.09/turn              g - ring of attention (curse)

@: no status effects
A: no striking features
a: no special abilities


You were on level 2 of the Dungeon.
You were not hungry.

You visited 1 branch of the dungeon, and saw 2 of its levels.

You collected 65 gold pieces.

Inventory:

Hand Weapons
 a - a +1 shortbow
 b - a +0 short sword
 f - a +1 dagger of electrocution (weapon)
   (You took it off a goblin on level 1 of the Dungeon)
Missiles
 d - 48 arrows
Armour
 c - a +0 leather armour (worn)
 l - a +0 pair of boots (worn)
   (You found it on level 2 of the Dungeon)
Jewellery
 g - a cursed ring of attention (right hand)
   (You found it on level 1 of the Dungeon)
 i - a +4 ring of intelligence (left hand)
   (You found it on level 1 of the Dungeon)
Scrolls
 h - a scroll of teleportation {unknown}
 j - a scroll of blinking {unknown}
 m - 2 scrolls of identify {unknown}
Potions
 k - 3 potions of curing {@q1}
 n - 2 potions of stabbing {unknown}
Comestibles
 e - a ration {!d}
 o - 2 chunks of flesh


   Skills:
 + Level 2.7 Fighting
 * Level 4.8 Bows
 + Level 2.7 Dodging
 + Level 2.1 Stealth


You had 3 spell levels left.
You didn't know any spells.
Your spell library was empty.

Dungeon Overview and Level Annotations

Branches:
Dungeon (2/15)

Altars:

Annotations:
D:2 1 runed translucent door, Crazy Yiuf


Message History

7 stones; a gnoll corpse You hit the worm.
The worm closely misses you.
You hit the worm. Lightning courses through the worm!
You hit the worm but do no damage. The worm closely misses you.
You hit the worm. You hit the worm but do no damage.
The worm closely misses you.
You hit the worm. The worm closely misses you.
You hit the worm. You hit the worm.
You kill the worm!
You see here a worm corpse.
You butcher the worm corpse.
o - 3 chunks of flesh (gained 2)
You start resting.
Some of the chunks of flesh in your inventory have rotted away.
The hobgoblin is too close now for your liking.
Things that are here:
7 stones; a gnoll corpse The hobgoblin shouts!
The hobgoblin throws a stone.
The stone hits you but does no damage.
Things that are here:
8 stones; a gnoll corpse The hobgoblin throws a stone.
The stone misses you.
You see here a stone.
The gnoll shouts!
The hobgoblin throws a stone.
The stone hits you but does no damage.
You see here a stone.
The hobgoblin closely misses you.
The gnoll throws a stone.
The stone hits you but does no damage.
You see here a stone.
You hit the hobgoblin. The hobgoblin hits you.
The gnoll throws a stone.
The stone hits you.
You hit the hobgoblin but do no damage. The hobgoblin hits you.
The gnoll throws a stone.
The stone hits you but does no damage.
You hit the hobgoblin. The hobgoblin hits you.
* * * LOW HITPOINT WARNING * * *
The hobgoblin throws a stone.
The stone completely misses you.
The gnoll throws a stone.
The stone hits you!
* * * LOW HITPOINT WARNING * * *
You see here 3 stones.
You see here a stone.
Things that are here:
8 stones; a gnoll corpse Unknown command.
You closely miss the gnoll. The gnoll misses you.
You barely miss the gnoll. The gnoll hits you but does no damage.
You hit the gnoll. The gnoll hits you.
* * * LOW HITPOINT WARNING * * *
You closely miss the gnoll. The gnoll hits you!
You die...

...###...................#
#..###..#..##.....((.....#
#....#....##............##
#.............#(..##...##
#..)............(#######
(.(...........(###
............)..#
...............#####
.............(gg@.(##
...............###..#
...<..........## ##.#
...............####.#
....................#
...............######
....>..........#
...............#
..#####.......##


You could see a gnoll and a hobgoblin.

Vanquished Creatures
  A gnoll (D:2)
  4 adders (D:2)
  A worm (D:2)
  3 dart slugs
  A leopard gecko (D:2)
  An orc (D:2)
  A giant cockroach (D:2)
  8 goblins
  5 hobgoblins
  8 kobolds
  A frilled lizard (D:1)
  A jackal skeleton (D:2)
  6 rats
41 creatures vanquished.

Notes
Turn   | Place    | Note
-------+----------+-------------------------------------------
     0 | D:1      | n0claF the Human Hunter began the quest for the Orb.
     0 | D:1      | Reached XP level 1. HP: 16/16 MP: 1/1
   128 | D:1      | Reached XP level 2. HP: 22/22 MP: 2/2
   882 | D:1      | Reached XP level 3. HP: 27/27 MP: 3/3
  1033 | D:2      | Reached XP level 4. HP: 7/34 MP: 4/4
  1740 | D:2      | Found a runed translucent door.
  1741 | D:2      | Noticed Crazy Yiuf
  1973 | D:2      | Slain by a gnoll

Levels and vault maps discovered:
D:1:      dpeg_arrival_ternary, layout_loops_ring
D:2:      layout_rooms, okawaru_altar_gauntlet_db, feat_on_display,
          uniq_crazy_yiuf_cottage

Skill      XL: |  1  2  3  4 |
---------------+-------------+-----
Stealth        | 2 |  2.1
Fighting       | |  2.7
Bows           | |  4.8
Dodging        | |  2.7

Action                   |  1- 3 |  4- 6 || total
-------------------------+-------+-------++-------
Melee: Dagger            |    73 |    69 ||   142
       Short sword       |     2 |       ||     2
  Use: Potion            |       |     1 ||     1
 Stab: Sleeping          |     4 |       ||     4
  Eat: Ration            |       |     1 ||     1
       Chunk             |       |     1 ||     1
Armor: Leather armour    |    16 |    13 ||    29
Dodge: Dodged            |    43 |    49 ||    92

Table legend:
 A = Non-vault XP
 B = Vault XP
 C = Vault XP percentage of total XP
 D = Non-vault monster count
 E = Vault monster count
 F = Vault count percentage of total count
                 A         B        C        D         E       F
            +---------+---------+-------+---------+---------+-------
      Total |     119 |      19 |  13.8 |      38 |       3 |   7.3
            +---------+---------+-------+---------+---------+-------
        D:1 |      31 |       0 |   0.0 |      19 |       0 |   0.0
        D:2 |      88 |      19 |  17.8 |      19 |       3 |  13.6
            +---------+---------+-------+---------+---------+-------
